 Dungeon Crawl Stone Soup version 0.18-a0-1211-g828307d (webtiles) character file.

1091 ololoev the Conjurer (level 8, -3/41 HPs)
             Began as a Deep Elf Fire Elementalist on Feb 2, 2016.
             Killed by divine providence
             ... invoked by an orc priest
              (12 damage)
             ... on level 4 of the Dungeon.
             The game lasted 00:17:46 (1809 turns).

ololoev the Conjurer (Deep Elf Fire Elementalist)   Turns: 1809, Time: 00:17:46

Health: -3/41      AC: 10    Str:  5      XL:     8   Next: 9%
Magic:  1/19       EV: 11    Int: 23      God:
Gold:   154        SH:  0    Dex: 13 (15) Spells: 6 memorised, 3 levels left

rFire  . . .     SeeInvis .     m - +0 dagger (venom)
rCold  . . .     Gourm    .     h - +3 leather armour {rPois}
rNeg   . . .     Faith    .     (no shield)
rPois  +         Spirit   .     k - +0 helmet
rElec  .         Dismiss  .     o - +2 cloak {MR+}
rCorr  .         Reflect  .     (no gloves)
SustAt .         Harm     .     (no boots)
MR     +....                    (no amulet)
Stlth  ++........               (no ring)
                                (no ring)

@: very slightly contaminated, somewhat resistant to hostile enchantments,
unstealthy
A: no striking features
a: no special abilities

Inventory:

Hand Weapons
 m - a +0 dagger of venom (weapon)
 v - a +0 scimitar of electrocution
Armour
 h - a +3 leather armour of poison resistance (worn)
 k - a +0 helmet (worn)
 o - a +2 cloak of magic resistance (worn)
Wands
 u - a wand of slowing (16/48)
Scrolls
 d - a scroll of blinking {unknown}
 e - a scroll of enchant weapon {unknown}
 i - a scroll of random uselessness {unknown}
 l - 2 scrolls of remove curse
 r - a scroll of amnesia {unknown}
Potions
 g - 3 potions of cancellation
 p - a potion of agility {unknown}
 s - 2 potions of brilliance {unknown}
Books
 b - a book of Flames

   Spells                             Type                      Level
   a - Flame Tongue                   Conjuration/Fire             1
   b - Throw Flame                    Conjuration/Fire             2
   c - Conjure Flame                  Conjuration/Fire             3
   d - Inner Flame                    Hexes/Fire                   3
   e - Sticky Flame                   Conjuration/Fire             4
   f - Fireball                       Conjuration/Fire             5
Comestibles
 c - 3 bread rations
 f - a meat ration
 j - a slice of pizza
 t - a beef jerky


   Skills:
 + Level 2.2 Armour
 - Level 2.4 Dodging
 - Level 2.4 Stealth
 + Level 6.5 Spellcasting
 * Level 7.1 Conjurations
 + Level 5.8 Fire Magic


You had 3 spell levels left.
You knew the following spells:

 Your Spells              Type           Power        Failure   Level  Hunger
a - Flame Tongue          Conj/Fire      #####        1%          1    None
b - Conjure Flame         Conj/Fire      #####...     2%          3    #......
c - Sticky Flame          Conj/Fire      #####...     12%         4    ###....
d - Fireball              Conj/Fire      #####.....   28%         5    #####..
e - Inner Flame           Hex/Fire       ###.....     12%         3    #......
q - Apportation           Tloc           #.........   14%         1    None


You were on level 4 of the Dungeon.
You were near starving.

You visited 1 branch of the dungeon, and saw 7 of its levels.

You collected 154 gold pieces.

########.# .>....
###'#### .......
#......# .......
#......####.......
#......#..........
#......#..........
#......#.........
#........ooo.#
#......#..@..#
###..###.....#
#..# ####### ....
#.. .... #.. ...
#. .. # # #

Notes
Turn   | Place    | Note
--------------------------------------------------------------
     0 | D:1      | ololoev the Deep Elf Fire Elementalist began the quest for the Orb.
     0 | D:1      | Reached XP level 1. HP: 10/10 MP: 6/6
   210 | D:2      | Found a blossoming altar of Fedhas.
   221 | D:2      | Reached XP level 2. HP: 13/15 MP: 2/8
   406 | D:4      | Noticed Pikel
   406 | D:4      | Noticed a slave
   406 | D:4      | Noticed a slave
   406 | D:4      | Noticed a slave
   408 | D:4      | Noticed a slave
   434 | D:3      | Reached XP level 3. HP: 7/19 MP: 6/10
   671 | D:3      | You fall through a shaft for 3 floors!
   695 | D:6      | Found a snail-covered altar of Cheibriados.
   703 | D:6      | Reached skill level 4 in Fire Magic
   703 | D:6      | Reached XP level 4. HP: 12/24 MP: 7/11
   708 | D:6      | Learned a level 3 spell: Conjure Flame
   713 | D:6      | Learned a level 4 spell: Sticky Flame
   874 | D:6      | Learned a level 1 spell: Apportation
   909 | D:6      | Reached XP level 5. HP: 28/28 MP: 9/13
   946 | D:6      | Noticed Duvessa
   947 | D:6      | Noticed Dowan
   964 | D:6      | Learned a level 3 spell: Inner Flame
   967 | D:6      | Killed Duvessa
   967 | D:6      | Reached XP level 6. HP: 32/32 MP: 2/15
   990 | D:6      | Killed Dowan
   990 | D:6      | Reached skill level 5 in Spellcasting
   990 | D:6      | Reached skill level 5 in Conjurations
  1087 | D:5      | Entered Level 5 of the Dungeon
  1115 | D:5      | Noticed Prince Ribbit
  1123 | D:5      | Killed Prince Ribbit
  1123 | D:5      | Reached skill level 1 in Armour
  1123 | D:5      | Reached skill level 5 in Fire Magic
  1123 | D:5      | Reached XP level 7. HP: 22/36 MP: 9/17
  1127 | D:5      | Noticed Eustachio
  1135 | D:5      | Killed Eustachio
  1135 | D:5      | Reached skill level 6 in Conjurations
  1191 | D:5      | Noticed Blork the orc
  1202 | D:5      | Learned a level 5 spell: Fireball
  1216 | D:5      | Killed Blork the orc
  1228 | D:5      | Noticed Sigmund
  1269 | D:5      | Killed Sigmund
  1369 | D:5      | Reached XP level 8. HP: 41/41 MP: 17/19
  1493 | D:5      | Reached skill level 7 in Conjurations
  1727 | D:4      | Found a white marble altar of Elyvilon.
  1809 | D:4      | Killed from afar by an orc priest

Dungeon Overview and Level Annotations

Branches:
Dungeon (7/15)
 Temple: D:4-7

Altars:
Cheibriados
Elyvilon
Fedhas

Annotations:
D:4 Pikel


Message History

The orc priest calls down the wrath of Beogh upon you.
Something smites you!
Eat which item? (? for menu, Esc to quit)
Okay, then.
Drink which item? (? for menu, Esc to quit)
It was a potion of curing.
You feel better. The orc misses you.
Casting: Fireball
Confirm with . or Enter, or press ? or * to list all spells.
Aiming: Flame Tongue
Press: ? - help, Shift-Dir - straight line, f - orc priest
Aim: an orc priest, wielding a dagger and wearing a chain mail The flame tongue hits the orc priest.
The orc priest is heavily wounded.
The orc hits you with a dagger.
Casting: Flame Tongue
Confirm with . or Enter, or press ? or * to list all spells.
Aiming: Flame Tongue
Press: ? - help, Shift-Dir - straight line, f/p - orc priest
Aim: an orc priest, wielding a dagger and wearing a chain mail (heavily wounded)
The flame tongue hits the orc priest.
The orc priest is almost dead.
The orc barely misses you.
Casting: Flame Tongue
Confirm with . or Enter, or press ? or * to list all spells.
Aiming: Flame Tongue
Press: ? - help, Shift-Dir - straight line, f/p - orc priest
Aim: an orc priest, wielding a dagger and wearing a chain mail (almost dead)
The flame tongue hits the orc priest.
The orc priest appears unharmed.
The orc priest is almost dead.
The orc priest hits you but does no damage.
The orc hits you but does no damage.
Casting: Flame Tongue
Confirm with . or Enter, or press ? or * to list all spells.
Aiming: Flame Tongue
Press: ? - help, Shift-Dir - straight line, f/p - orc priest
Aim: an orc priest, wielding a dagger and wearing a chain mail (almost dead)
The flame tongue misses the orc priest.
The orc priest mumbles some strange prayers to Beogh against you.
Something smites you!
You die...

You could see 2 orc priests and an orc.

Vanquished Creatures
  Prince Ribbit (D:5)
  Sigmund (D:5)
  Eustachio (D:5)
  Duvessa (D:6)
  Blork the orc (D:5)
  Dowan (D:6)
  A crimson imp (D:5)
  A quasit (D:5)
  A jelly (D:6)
  An orc wizard (D:5)
  2 iguanas
  5 worker ants
  A hound zombie (D:6)
  2 adders
  A shadow imp (D:6)
  An ooze (D:6)
  An adder skeleton (D:5)
  5 orcs
  2 giant cockroaches
  3 goblins
  2 hobgoblins (D:2)
  2 jackals (D:1)
  A quokka (D:6)
  A ball python (D:5)
  3 bats
  A jackal zombie (D:6)
  5 kobolds
  A quokka zombie (D:5)
  2 rats
51 creatures vanquished.

Action                   |  1- 3 |  4- 6 |  7- 9 || total
-------------------------+-------+-------+-------++-------
Melee: Trident           |    12 |       |       ||    12
       Dagger            |     1 |    26 |    23 ||    50
       Scimitar          |       |       |     2 ||     2
 Cast: Flame Tongue      |    43 |    11 |    19 ||    73
       Sticky Flame      |       |     3 |     3 ||     6
       Conjure Flame     |       |     4 |     1 ||     5
       Inner Flame       |       |     1 |     3 ||     4
Evoke: Wand              |       |       |     1 ||     1
  Use: Potion            |     4 |       |     1 ||     5
       Scroll            |     1 |       |     3 ||     4
 Stab: Sleeping          |       |     2 |     1 ||     3
  Eat: Chunk             |       |     1 |     2 ||     3

Vault maps used:
D:1:      dpeg_arrival_concentric_ovals
D:2:      fedhas_altar_3, nicolae_overflow_crystal_walls
D:3:      amethyst_overflow_temple_binary, minmay_strange_pillars
D:4:      overflow_temple_1_default, first_bread, uniq_pikel
D:5:      kennysheep_decorative_pillar, uniq_sigmund, uniq_eustachio,
          uniq_blork_the_orc, uniq_prince_ribbit1
D:6:      cheibriados_altar_1, uniq_duvessa
D:7:      tso_oasis_becter, minmay_temple_entry_large_hall, uniq_joseph
